Map: Temple gelé

Players

zidar - Winner!

  • Race: Zerg Zerg
  • League: Silver
  • Spawn Location: 11:00

TeranoZavr

  • Race: Terran Terran
  • League: Gold
  • Spawn Location: 5:00

VOD

Have the link to the VOD?

Description

Time

  • Played on: April 27, 2016, 8:17 a.m.
  • Length: 8:44
Show
View Real Time Build Order
Export as new Build Order

zidar Zerg - Winner!

Build Orders: Hatch First 

Get SALT Encoding   

  12  0:10  Drone x2  
  14  0:19  Overlord  
  14  0:22  Extractor  
  14  0:23  Drone  
  15  0:37  Drone  
  15  0:42  Drone  
  17  0:58  Hatchery  
  17  0:59  Drone  
  17  1:16  Spawning Pool  
  17  1:17  Drone  
  17  1:26  Drone  
  17  1:28  Overlord  
  18  1:33  Extractor  
  18  1:36  Drone  
  17  2:03  Queen  
  19  2:14  Queen, Roach Warren  
  20  2:27  Drone x5  
  25  2:33  Extractor  
  24  2:38  Metabolic Boost  
  24  2:47  Drone x3  
  27  2:56  Drone x2  
  29  3:02  Drone  
  30  3:10  Roach  
  32  3:15  Roach x2  
  32  3:18  Overlord  
  36  3:24  Overlord  
  36  3:38  Roach  
  36  3:39  Roach x2  
  42  3:45  Roach  
  42  3:46  Roach  
  46  4:01  Pneumatized Carapace  
  46  4:04  Roach x2  
  46  4:05  Roach  
  52  4:11  Overlord  
  52  4:13  Overlord  
  52  4:32  Overlord x2  
  52  4:42  Roach x4  
  60  4:49  Overlord  
  60  4:53  Drone  
  60  4:54  Drone  
  62  5:04  Drone x4  
  62  5:06  Roach  
  68  5:10  Roach  
  68  5:13  Roach  
  72  5:30  Roach  
  72  5:31  Roach x4  
  72  5:33  Ravager x2  
  84  5:36  Overlord  
  84  5:59  Overlord x2  
  84  6:00  Overlord  
  84  6:07  Roach x4  
  92  6:26  Evolution Chamber  
  92  6:29  Evolution Chamber  
  92  6:32  Ravager x2  
  93  6:33  Ravager  
  93  6:35  Ravager  
  94  6:44  Roach x2  
  98  6:59  Roach x3  
  71  7:35  Roach x8  
  79  8:17  Roach x8  
Show
View Real Time Build Order
Export as new Build Order

TeranoZavr Terran 

Build Orders:  

Get SALT Encoding   

  12  0:03  SCV  
  13  0:16  Supply Depot  
  13  0:18  SCV  
  14  0:30  SCV  
  16  0:42  SCV  
  16  0:54  Barracks  
  16  0:55  SCV  
  17  0:57  Refinery  
  17  1:02  Refinery  
  17  1:07  SCV  
  17  1:10  Supply Depot  
  18  1:19  SCV  
  19  1:31  SCV  
  20  1:46  Factory  
  20  1:48  Marine  
  21  2:02  Orbital Command  
  21  2:05  Marine  
  22  2:30  Factory Tech Lab  
  22  2:33  Armory  
  22  2:51  Command Center  
  22  3:01  Supply Depot  
  22  3:07  SCV  
  23  3:12  Marine  
  24  3:24  Supply Depot  
  24  3:30  Thor  
  30  3:42  Terran Vehicle Weapons Level 1  
  30  3:55  Marine, Factory  
  31  4:03  Orbital Command  
  31  4:13  Marine  
  32  4:28  Thor  
  38  4:42  SCV  
  38  4:43  Armory  
  38  4:45  Refinery  
  39  4:46  Factory Tech Lab  
  39  4:54  Marine  
  40  5:05  Engineering Bay  
  40  5:08  Refinery  
  40  5:11  Marine  
  40  5:13  SCV  
  42  5:25  SCV  
  43  5:32  Terran Vehicle And Ship Armor Level 1  
  43  5:37  SCV  
  44  5:43  Thor  
  44  5:49  SCV  
  51  5:52  Terran Vehicle Weapons Level 2  
  51  6:01  SCV  
  52  6:11  Thor  
  52  6:13  SCV  
  59  6:24  SCV  
  59  6:25  SCV  
  61  6:36  SCV  
  61  6:37  SCV  
  61  6:38  Supply Depot  
  63  6:49  SCV  
  64  6:58  SCV  
  64  7:00  Supply Depot  
  64  7:01  SCV  
  66  7:10  SCV  
  66  7:13  SCV  
  68  7:19  Siege Tank x2  
  68  7:22  SCV  
  63  7:23  Supply Depot  
  50  7:34  SCV  
  50  7:35  Marine  
  46  7:46  SCV  
  46  7:47  Supply Depot  
  47  7:51  Thor  
  47  7:53  Marine  
Tags
 
Matchup
TvZ
Spawn Locations
Cross Positions
Add a new tag
Caveats
  • Supply blocks, unpowered buildings, or Contaminate may cause inaccurate times.
  • Supply counts are checked every 10 seconds.